 Dungeon Crawl Stone Soup version 0.23.2-1-ga50397a (webtiles) character file.

Game seed: 4318026140997601344

4445 goulibeur the Fighter (level 10, -4/136 HPs)
             Began as a Purple Draconian Berserker on May 20, 2019.
             Was an Elder of Trog.
             Slain by a death yak (15 damage)
             ... on level 8 of the Dungeon.
             The game lasted 00:28:59 (6439 turns).

goulibeur the Fighter (Purple Draconian Berserker)  Turns: 6439, Time: 00:29:00

Health: -4/136     AC:  8    Str: 29    XL:     10   Next: 15%
Magic:  10/10      EV: 14    Int:  9    God:    Trog [****..]
Gold:   302        SH:  0    Dex: 10    Spells: 9/9 levels left

rFire    . . .     SeeInvis .   G - +7 mace of Variability {chain chaos}
rCold    . . .     Gourm    .   (shield currently unavailable)
rNeg     . . .     Faith    .   (armour unavailable)
rPois    .         Spirit   .   (helmet restricted)
rElec    .         Reflect  .   b - scarf {repulsion}
rCorr    .         Harm     .   (no gloves)
MR       +....                  (no boots)
Stlth    ..........             (no amulet)
HPRegen  0.32/turn              e - +2 ring of strength
MPRegen  0.12/turn              o - +1 ring of protection

@: berserking (expiring), repel missiles, very quick
A: breathe power, unfitting armour, cold-blooded, AC +7
a: Breathe Dispelling Energy, Berserk, Trog's Hand, Brothers in Arms, Renounce
Religion


You were on level 8 of the Dungeon.
You worshipped Trog.
Trog was greatly pleased with you.
You were near starving.

You visited 1 branch of the dungeon, and saw 8 of its levels.

You collected 302 gold pieces.

Inventory:

Hand Weapons
 a - a +1 mace
 r - a +2 quarterstaff of chaos
 B - a +2 mace of freezing
 G - the +7 mace of Variability (weapon) {chain chaos}
   (You found it on level 7 of the Dungeon)

   Each time it hits an enemy it has a different, random effect.
Missiles
 d - 138 stones (quivered)
 D - 4 steel tomahawks
Armour
 b - a scarf of repulsion (worn)
 p - a +0 large shield
 s - a +0 cloak
Jewellery
 e - a +2 ring of strength (left hand)
 o - a +1 ring of protection (right hand)
 t - a cursed ring of attention {unknown}
 F - an uncursed amulet of faith {unknown}
Scrolls
 c - 2 scrolls of enchant weapon
 k - 4 scrolls of remove curse
 n - 2 scrolls of noise {unknown}
 w - 3 scrolls of teleportation {unknown}
 x - a scroll of fear {unknown}
 y - a scroll of enchant armour {unknown}
 E - a scroll of fog {unknown}
 H - a scroll of vulnerability {unknown}
Potions
 f - 2 potions of heal wounds {unknown}
 g - 2 potions of flight {unknown}
 h - a potion of curing {unknown}
 i - 2 potions of invisibility {unknown}
 j - a potion of ambrosia {unknown}
 l - 2 potions of magic {unknown}
 m - 2 potions of degeneration {unknown}
 q - a potion of resistance {unknown}
 u - 2 potions of lignification {unknown}
 v - 2 potions of brilliance {unknown}
 A - 2 potions of haste {unknown}
Comestibles
 z - 2 rations


   Skills:
 * Level 9.0 Fighting
 * Level 8.0 Maces & Flails
 * Level 6.6 Throwing
 + Level 5.5 Dodging
 + Level 4.6 Shields


You had 9 spell levels left.
You didn't know any spells.
Your spell library was empty.

Dungeon Overview and Level Annotations

Branches:
Dungeon (8/15)             Temple (0/1) D:4
   Lair: D:8-11

Altars:
Gozag
Kikubaaqudgha
Makhleb
Okawaru
Qazlal
Ru
Uskayaw
Vehumet

Annotations:
D:3 1 transporter, Sigmund
D:6 3 runed translucent doors, Paps's ghost, novice TrFi


Innate Abilities, Weirdness & Mutations

You can breathe bolts of dispelling energy.
Your rich purple scales are hard. (AC +7)
You cannot fit into any form of body armour.
You are cold-blooded and may be slowed by cold attacks.


Message History

The arc of chaos hits the death yak!
The death yak is heavily wounded.
The arc of chaos hits the yak.
The yak seems to slow down.
The arc of chaos hits the death yak!
The death yak is lightly wounded.
The arc of chaos hits the death yak.
The death yak goes berserk!
The arc of chaos hits the yak.
The yak is moderately wounded.
The arc of chaos hits the death yak.
The death yak is heavily wounded.
You tail-slap the death yak!
The death yak is heavily wounded.
You bludgeon the death yak!!
Lightning courses through the death yak!!
You tail-slap the death yak.
The death yak is almost dead.
The death yak gores you!!
* * * LOW HITPOINT WARNING * * *
The death yak gores you!
You die...

#######.##########
#.<.....#
##.......#
#........#
#...#+#######.
#...#.........
#.....########
##'##.# #@##.#
###Y##+##
#.YYY...#
#..YO.......
#...........
#....$.....?
###+####.... #...
...


You could see 2 death yaks, 3 yaks and an ogre.

Vanquished Creatures
  3 death yaks (D:8)
  A yak (D:8)
  Menkaure (D:5)
  Duvessa (D:5)
  An orc warrior (D:6)
  3 sky beasts (D:5)
  5 ogres
  A centaur (D:7)
  Blork the orc (D:5)
  2 bullfrogs (D:7)
  Dowan (D:5)
  2 scorpions
  3 wights (D:6)
  3 crimson imps
  2 bullfrog zombies
  Crazy Yiuf (D:2)
  4 hounds
  2 iguanas
  Jessica (D:3)
  2 bullfrog skeletons
  Natasha (thrice) (D:2)
  5 worker ants
  A hound skeleton (D:5)
  2 hound zombies
  4 gnolls
  6 adders
  An ooze (D:1)
  2 worms (D:3)
  A dart slug (D:2)
  5 leopard geckos
  14 orcs
  5 bats
  5 giant cockroaches
  12 goblins
  5 hobgoblins
  7 jackals
  3 quokkas
  2 ball pythons
  4 frilled lizards
  10 kobolds
  2 leopard gecko skeletons (D:4)
  7 rats
146 creatures vanquished.

Notes
Turn   | Place    | Note
-------+----------+-------------------------------------------
     0 | D:1      | goulibeur the Draconian Berserker began the quest for the
                  | Orb.
     0 | D:1      | Reached XP level 1. HP: 19/19 MP: 1/1
   246 | D:1      | Reached XP level 2. HP: 23/26 MP: 2/2
   305 | D:1      | Reached XP level 3. HP: 20/33 MP: 3/3
   599 | D:1      | Reached ** piety under Trog
   609 | D:1      | Reached skill level 1 in Throwing
   706 | D:1      | Reached skill level 4 in Fighting
   914 | D:2      | Found an iron altar of Okawaru.
   936 | D:2      | Reached XP level 4. HP: 19/40 MP: 4/4
  1267 | D:2      | Noticed Natasha
  1274 | D:2      | Killed Natasha
  1383 | D:2      | Noticed Natasha
  1390 | D:2      | Killed Natasha
  1466 | D:2      | Found a runed translucent door.
  1467 | D:2      | Noticed Crazy Yiuf
  1665 | D:2      | Noticed Natasha
  1669 | D:2      | Killed Natasha
  1669 | D:2      | Reached XP level 5. HP: 47/47 MP: 5/5
  1923 | D:2      | Killed Crazy Yiuf
  1992 | D:3      | Found a transporter.
  2185 | D:3      | Noticed Jessica
  2190 | D:3      | Killed Jessica
  2418 | D:3      | Found a radiant altar of Vehumet.
  2418 | D:3      | Noticed Sigmund
  2483 | D:3      | Reached skill level 5 in Fighting
  2563 | D:4      | Reached skill level 1 in Shields
  2563 | D:4      | Reached XP level 6. HP: 56/56 MP: 6/6
  2705 | D:4      | Found a staircase to the Ecumenical Temple.
  2810 | D:4      | Found a hide-covered altar of Uskayaw.
  2810 | D:4      | Noticed a +0 hand axe
  2810 | D:4      | Noticed a +0 hand axe
  2843 | D:4      | Reached *** piety under Trog
  2899 | D:4      | Found an opulent altar of Gozag.
  3382 | D:5      | Entered Level 5 of the Dungeon
  3489 | D:5      | Noticed a sky beast
  3503 | D:5      | Killed a sky beast
  3503 | D:5      | Your scales start taking on a rich purple colour.
  3503 | D:5      | Reached XP level 7. HP: 35/62 MP: 7/7
  3856 | D:5      | Reached skill level 5 in Maces & Flails
  3871 | D:5      | Noticed Blork the orc
  3895 | D:5      | Killed Blork the orc
  3895 | D:5      | Reached skill level 6 in Fighting
  4259 | D:5      | Reached XP level 8. HP: 71/71 MP: 8/8
  4393 | D:5      | Found a sacrificial altar of Ru.
  4561 | D:5      | Noticed Duvessa
  4561 | D:5      | Noticed Dowan
  4572 | D:5      | Killed Duvessa
  4580 | D:5      | Killed Dowan
  4608 | D:5      | Noticed Menkaure
  4631 | D:5      | Killed Menkaure
  4935 | D:6      | Reached skill level 7 in Fighting
  5091 | D:6      | Reached **** piety under Trog
  5168 | D:6      | Reached skill level 5 in Throwing
  5256 | D:6      | Found a runed translucent gate.
  5257 | D:6      | Found a runed translucent gate.
  5260 | D:6      | Found a runed translucent gate.
  5265 | D:6      | Noticed Paps's ghost (novice TrFi)
  5747 | D:7      | Reached XP level 9. HP: 68/79 MP: 9/9
  5764 | D:7      | Found an ancient bone altar of Kikubaaqudgha.
  5772 | D:7      | Found a stormy altar of Qazlal.
  5772 | D:7      | Found a burning altar of Makhleb.
  6129 | D:7      | Found the +7 mace of Variability {chain chaos}
  6368 | D:8      | Noticed a death yak
  6368 | D:8      | Noticed a death yak
  6401 | D:8      | Killed a death yak
  6401 | D:8      | Reached skill level 8 in Fighting
  6401 | D:8      | Reached skill level 5 in Dodging
  6421 | D:8      | Noticed a death yak
  6422 | D:8      | Noticed a death yak
  6424 | D:8      | Noticed a death yak
  6430 | D:8      | Killed a death yak
  6435 | D:8      | Killed a death yak
  6435 | D:8      | Reached skill level 9 in Fighting
  6435 | D:8      | Reached XP level 10. HP: 44/91 MP: 10/10
  6439 | D:8      | Slain by a death yak

Skill      XL: |  1  2  3  4  5  6  7  8  9 |
---------------+----------------------------+-----
Dodging        | 3 4 5 |  5.5
Throwing       | 1 2 3 5 6 |  6.6
Fighting       | 4 5 6 7 9 |  9.0
Maces & Flails | 4 5 6 8 |  8.0
Shields        | 1 2 3 4 |  4.6

Action                   |  1- 3 |  4- 6 |  7- 9 | 10-12 || total
-------------------------+-------+-------+-------+-------++-------
Melee: Mace              |    85 |   175 |   231 |       ||   491
       Tailslap          |     3 |    18 |    40 |     2 ||    63
       Great mace        |       |       |    14 |     4 ||    18
Throw: Stone             |       |     9 |       |       ||     9
Invok: Berserk           |     1 |     8 |     7 |       ||    16
  Use: Scroll            |       |     4 |       |       ||     4
  Eat: Chunk             |     1 |     9 |     7 |       ||    17
       Ration            |       |     2 |     2 |       ||     4
Armor: Skin              |    25 |    52 |    54 |       ||   131
Dodge: Dodged            |    55 |    57 |    60 |       ||   172
       Deflected         |       |       |     1 |       ||     1
Block: Large shield      |       |   119 |   156 |       ||   275
